 Dungeon Crawl Stone Soup version 0.29-a0-1033-gb6c65ffae6 (webtiles) character file.

Game seed: 656910257134974097

112687 mandarbmax the Grand Scion (level 16, -1/123 HPs)
             Began as a Purple Draconian Conjurer on Aug 14, 2022.
             Was a High Priest of Hepliaklqana.
             Slain by a spriggan defender simulacrum (21 damage)
             ... in an ice cave.
             The game lasted 02:57:51 (36677 turns).

mandarbmax the Grand Scion (DrCj)                  Turns: 36677, Time: 02:57:52

Health: -1/123     AC: 18    Str: 11    XL:     16   Next: 12%
Magic:  5/31       EV: 13    Int: 32    God:    Hepliaklqana [*****.]
Gold:   2621       SH: 10    Dex:  9    Spells: 9/37 levels left

rFire   x . .      SeeInvis .   a - staff of conjuration
rCold   + . .      Faith    +   K - +0 kite shield
rNeg    . . .      Spirit   .   (body armour unavailable)
rPois   .          Reflect  .   y - +2 hat
rElec   .          Harm     .   u - +2 cloak {Stlth+}
rCorr   .          Rampage  .   C - +0 pair of gloves
Will    ++...                   E - +2 pair of boots
Stlth   +++.......              z - amulet of faith
HPRegen 0.30/turn               B - +6 ring of intelligence
MPRegen 0.22/turn               S - ring of ice

@: short of breath, studying Transmutations
A: reduced essence, breathe power, AC +9, unfitting armour, cold-blooded
a: Breathe Dispelling Energy, Renounce Religion, Recall Ancestor, Ancestor
Identity, Transference, Idealise


You were in an ice cave.
You worshipped Hepliaklqana.
Hepliaklqana was extremely pleased with you.
You visited 4 branches of the dungeon, and saw 22 of its levels.
You also visited: Sewer and Ice Cave.

You collected 2621 gold pieces.

Inventory:

Hand Weapons
 b - a +2 demon whip of draining
 k - the +10 morningstar of Fabulous Guile {freeze, Will++ Int+3 Dex-5}
   (You took it off a centaur warrior on level 12 of the Dungeon)

   It freezes those it strikes, dealing additional cold damage.
   It can also slow down cold-blooded creatures.
   Int:       It affects your intelligence (+3).
   Dex:       It affects your dexterity (-5).
   Will:      It greatly increases your willpower.
Missiles
 G - 3 throwing nets
Armour
 u - a +2 cloak of stealth (worn)
 y - a +2 hat (worn)
 C - a +0 pair of gloves (worn)
 E - a +2 pair of boots (worn)
 K - a +0 kite shield (worn)
Magical Staves
 a - a staff of conjuration (weapon)
Jewellery
 s - a ring of see invisible
 z - an amulet of faith (around neck)
 A - a +4 ring of evasion
 B - a +6 ring of intelligence (left hand)
 D - a ring of poison resistance
 F - a ring of protection from fire
 R - a ring of wizardry
 S - a ring of ice (right hand)
 U - the ring of Vaesuarph {rElec AC+4}
   (You found it on level 2 of the Lair of Beasts)

   [ring of protection]

   AC:        It affects your AC (+4).
   rElec:     It insulates you from electricity.
Wands
 m - a wand of charming (34)
 v - a wand of polymorph (23)
 H - a wand of flame (14)
 L - a wand of mindburst (8)
 N - a wand of digging (14)
 Q - a wand of light (4)
 Z - a wand of roots (9)
Scrolls
 c - 2 scrolls of blinking
 d - a scroll of summoning
 f - 3 scrolls of enchant weapon
 g - 6 scrolls of vulnerability
 i - 4 scrolls of poison
 l - 3 scrolls of fear
 p - 6 scrolls of teleportation
 t - a scroll of torment
 X - a scroll of amnesia
Potions
 e - 4 potions of mutation
 h - 2 potions of lignification
 j - 5 potions of haste
 n - 3 potions of resistance
 o - a potion of berserk rage
 q - 2 potions of heal wounds
 r - 6 potions of flight
 w - 5 potions of cancellation
 x - 10 potions of curing
 I - 4 potions of brilliance
 J - 6 potions of ambrosia
 M - 4 potions of attraction
 P - 2 potions of might
 V - 4 potions of magic
Miscellaneous
 T - a phantom mirror
 W - a box of beasts
 Y - a phial of floods


   Skills:
 + Level 11.1 Fighting
 - Level 8.0 Dodging
 - Level 2.0 Stealth
 - Level 10.0 Shields
 + Level 11.1 Spellcasting
 - Level 10.0 Conjurations
 - Level 10.0 Hexes
 - Level 10.0 Summonings
 - Level 10.0 Ice Magic
 - Level 17.0 Invocations
 - Level 6.0 Evocations


You had 9 spell levels left.
You knew the following spells:

 Your Spells              Type           Power      Damage    Failure   Level
a - Freezing Cloud        Conj/Ice/Air   47%        6-21      11%         5
b - Searing Ray           Conj           100%       2d8       1%          2
c - Dazzling Flash        Conj/Hex       100%       N/A       1%          3
d - Fulminant Prism       Conj/Hex       44%        3d20      1%          4
e - Summon Mana Viper     Hex/Summ       69%        N/A       2%          5
f - Summon Ice Beast      Ice/Summ       89%        N/A       1%          4
g - Ozocubu's Armour      Ice            89%        N/A       1%          3
h - Blink                 Tloc           34%        N/A       9%          2

Your spell library contained the following spells:

 Spells                   Type           Power      Damage    Failure   Level
 Magic Dart               Conj           100%       1d8       1%          1
 Call Canine Familiar     Summ           69%        N/A       1%          3
 Portal Projectile        Hex/Tloc       98%        N/A       2%          3
 Sting                    Tmut/Pois      68%        1d6       6%          1
 Anguish                  Hex/Necr       24%        N/A       8%          4
 Iskenderun's Mystic Bla  Conj/Tloc      65%        2d13      8%          4
 Leda's Liquefaction      Hex/Erth       24%        N/A       8%          4
 Poisonous Vapours        Pois/Air       34%        N/A       9%          2
 Gell's Gravitas          Tloc           17%        N/A       19%         3
 Lesser Beckoning         Tloc           17%        N/A       19%         3
 Teleport Other           Tloc           17%        N/A       19%         3
 Olgreb's Toxic Radiance  Pois           17%        N/A       52%         4
 Enfeeble                 Hex            34%        N/A       63%         7
 Monstrous Menagerie      Summ           34%        N/A       63%         7
 Ozocubu's Refrigeration  Ice            44%        4d17      63%         7
 Simulacrum               Ice/Necr       32%        N/A       75%         6
 Manifold Assault         Tloc           17%        N/A       86%         5
 Storm Form               Tmut/Air       8%         N/A       100%        7
 Polar Vortex             Ice            44%        N/A       100%        9


Dungeon Overview and Level Annotations

Branches:
Dungeon (14/15)            Temple (0/1) D:7            Lair (5/5) D:10
 Shoals (0/4) Lair:3        Snake (0/4) Lair:3        Slime (0/5) Lair:4
    Orc (2/2) D:9             Elf (1/3) Orc:2         Sewer (visited)
  IceCv (1/1)
 Vaults: D:13-14

Altars:
Ashenzari
Cheibriados
Dithmenos
Elyvilon
Fedhas
Hepliaklqana
Okawaru
Uskayaw
Vehumet
Wu Jian
Yredelemnul

Shops:
D:3 =   D:14 *   Orc:1 (   Orc:2 [*:((

Annotations:
D:8 3 runed translucent doors, BIRDMANJR's ghost, novice TeGl; SweetJohnnyV's ghost, novice MiBe; garrulousMonolith's ghost, novice MiHu


Innate Abilities, Weirdness & Mutations

Your life essence is reduced to manifest your ancestor. (-10% HP)
You can breathe bolts of dispelling energy.
Your rich purple scales are hard. (AC +9)
You cannot fit into any form of body armour.
You are cold-blooded and may be slowed by cold attacks.


Message History

You resist.
The spriggan defender simulacrum hits you but does no damage.
You barely miss the spriggan defender simulacrum.
The spriggan defender simulacrum is almost destroyed.
The spriggan defender simulacrum hits you.
The spriggan defender simulacrum freezes you!
You resist.
* * * LOW HITPOINT WARNING * * *
Your ice beast closely misses the spriggan defender simulacrum.
You block the spriggan defender simulacrum's attack.
Okay, then.
Casting: Summon Ice Beast (mildly dangerous; 1% risk of failure)
Confirm with . or Enter, or press ? or * to list all spells.
You can't see any susceptible monsters within range! (Use Z to cast anyway.)
A spriggan defender simulacrum is nearby!
Unknown command.
Unknown command.
Unknown command.
Casting: Summon Ice Beast (mildly dangerous; 1% risk of failure)
Confirm with . or Enter, or press ? or * to list all spells.
Aiming: Searing Ray (safe; 1% risk of failure)
Press: ? - help, Shift-Dir - straight line, p - spriggan defender simulacrum You feel a surge of power!
The searing ray hits the spriggan defender simulacrum.
The spriggan defender simulacrum is almost destroyed. (Press . to maintain the ray.)
The spriggan defender simulacrum hits you!
* * * LOW HITPOINT WARNING * * *
The spriggan defender simulacrum freezes you!
You resist.
* * * LOW HITPOINT WARNING * * *
Your ice beast closely misses the spriggan defender simulacrum.
Unknown command.
Unknown command.
You feel much better.
The spriggan defender simulacrum hits you!
* * * LOW HITPOINT WARNING * * *
The spriggan defender simulacrum freezes you!!
You resist.
You die...

.. .# ##.#
#Z####
#.##.##
#..#..####
#Y#..⌠...##
##Z##.....##
##@##.##..#
########.#
##.###..#
#....#..#
##......##
##..###...#
##..## ##.##
#...#######
##..###.#∩#


You could see a spriggan defender simulacrum (ally target) and a friendly ice
beast (summoned).

Vanquished Creatures
  Kirke (Lair:3)
  A frost giant (D:13)
  An ettin (D:13)
  A crystal guardian (D:13)
  2 hydras
  2 boulder beetles
  An ogre mage (D:14)
  Erica (D:10)
  4 two-headed ogres
  A centaur warrior (D:13)
  3 death yaks (Lair:5)
  A deep troll earth mage (D:13)
  4 orc high priests (Orc:2)
  A tengu warrior (D:13)
  3 spriggan simulacra (IceCv)
  A bog body (IceCv)
  5 orc knights (Orc:2)
  3 deep elf zephyrmancers
  A salamander (shapeshifter) (D:13)
  6 elephants
  2 merfolk sirens (Lair:3)
  3 black mambas
  5 cane toads
  An ice statue (D:14)
  3 molten gargoyles (Lair:5)
  A gargoyle (D:10)
  A rime drake (Lair:3)
  5 komodo dragons (Lair:5)
  An efreet (D:13)
  An ice devil (IceCv)
  A merfolk (Lair:3)
  A meliai (D:14)
  A polar bear (Lair:1)
  4 trolls
  Grinder (D:3)
  5 slime creatures
  14 blink frogs
  8 dream sheep
  4 shadows
  A water elemental (D:13)
  A human (Lair:4)
  27 yaks
  10 wyverns
  2 basilisks
  5 vampire mosquitoes
  8 steam dragons
  4 acid dragons
  A harpy simulacrum (IceCv)
  3 minotaur simulacra (IceCv)
  13 water moccasins
  2 wargs
  3 nagas (Lair:3)
  3 hell hounds (Lair:5)
  A hydra simulacrum (IceCv)
  20 orc warriors
  3 ice beasts
  3 black bears
  5 centaurs
  4 ogres
  15 wolves
  A boggart (D:13)
  2 phantoms (D:4)
  The ghost of jujuben the Gusty, an amateur TeAE (D:3)
  10 bullfrogs
  A kobold brigand (D:7)
  Blork the orc (D:5)
  A necrophage (D:4)
  4 gnoll sergeants
  3 scorpions
  2 deep troll simulacra (IceCv)
  4 wights
  A troll zombie (D:9)
  28 killer bees
  A lindwurm simulacrum (IceCv)
  A howler monkey (D:8)
  2 electric eels
  4 lava snakes (Lair:5)
  24 orc priests
  2 jellies
  2 gnoll boudas (D:7)
  2 hounds
  Crazy Yiuf (D:3)
  Jessica (D:3)
  2 iguanas
  12 orc wizards
  3 ogre zombies (D:9)
  15 adders
  21 gnolls
  7 river rats (Sewer)
  2 ufetubi
  4 worms
  70 orcs
  12 bats
  7 endoplasms
  5 giant cockroaches
  5 goblins
  7 hobgoblins
  6 jackals
  14 kobolds
  5 quokkas
  8 ball pythons
  4 frilled lizards
  2 goblin skeletons (D:9)
  2 goblin zombies (D:9)
  A hobgoblin zombie (D:9)
  3 orc skeletons (D:9)
  9 orc zombies (D:9)
  6 rats
  A fulminant prism (Lair:5)
571 creatures vanquished.

Vanquished Creatures (collateral kills)
  Rupert (Lair:4)
  Donald (Orc:2)
  2 storm dragons (D:13)
  2 vampire knights (D:13)
  A fire dragon (Lair:5)
  Snorg (Lair:3)
  4 hydras
  Harold (Orc:1)
  5 boulder beetles
  A catoblepas (Lair:4)
  7 centaur warriors
  4 two-headed ogres
  An orc high priest (Orc:2)
  2 death yaks (Lair:5)
  A fire crab (shapeshifter) (D:14)
  A phantasmal warrior (D:13)
  3 orc knights
  A lindwurm (Lair:5)
  A deep elf pyromancer (Elf:1)
  A deep elf zephyrmancer (Elf:1)
  2 ugly things (D:12)
  An orc sorcerer (Orc:2)
  7 cyclopes
  8 slime creatures
  3 elephants
  A guardian serpent (Lair:4)
  3 manticores
  A merfolk siren (Lair:3)
  5 black mambas
  11 cane toads
  2 gargoyles (D:12)
  A kobold demonologist (D:11)
  9 komodo dragons
  2 unseen horrors
  An ice devil (IceCv)
  An efreet (D:13)
  3 trolls
  A queen bee (Lair:2)
  A polar bear (Lair:5)
  2 meliai (D:14)
  5 dream sheep
  14 blink frogs
  A wraith (D:12)
  5 wyverns
  17 yaks
  Grum (D:11)
  3 basilisks
  3 hogs (Lair:3)
  3 vampire mosquitoes
  2 wargs
  8 water moccasins
  An acid dragon (D:13)
  8 orc warriors
  A black bear (Lair:2)
  3 wolves
  An ogre (Orc:2)
  A kobold brigand (D:9)
  A scorpion (D:10)
  4 bullfrogs
  A wight (D:9)
  A troll zombie (D:9)
  10 killer bees
  3 howler monkeys
  A lava snake (Lair:5)
  4 orc priests
  3 orc wizards (Orc:1)
  A hell rat (Lair:2)
  A nameless horror (Lair:2)
  An ogre zombie (D:9)
  A gnoll (D:10)
  10 orcs
  2 kobolds
  2 orc zombies (D:9)
  2 butterflies (Lair:2)
231 creatures vanquished.

Vanquished Creatures (others)
  A deep elf zephyrmancer (Elf:1)
  20 knights
  2 ancestors
  343 fulminant prisms
  92 fungi
  105 plants
563 creatures vanquished.

Grand Total: 1365 creatures vanquished

Notes
Turn   | Place    | Note
-------+----------+-------------------------------------------
     0 | D:1      | mandarbmax the Draconian Conjurer began the quest for the
                  | Orb.
     0 | D:1      | Reached XP level 1. HP: 14/14 MP: 3/3
   226 | D:1      | Reached XP level 2. HP: 20/20 MP: 3/5
  1145 | D:2      | Reached skill level 5 in Conjurations
  1145 | D:2      | Reached XP level 3. HP: 26/26 MP: 1/6
  1148 | D:2      | Learned a level 2 spell: Searing Ray
  1629 | D:2      | You fall into a shaft and drop 1 floor!
  1639 | D:3      | Found a broken altar of Ashenzari.
  1663 | D:3      | Noticed Jessica
  1668 | D:3      | Killed Jessica
  1669 | D:3      | Reached XP level 4. HP: 33/33 MP: 0/7
  1685 | D:3      | Noticed Grinder
  1709 | D:3      | Paralysed by Grinder for 4 turns
  1721 | D:3      | Killed Grinder
  1722 | D:3      | Reached XP level 5. HP: 16/38 MP: 4/8
  1722 | D:3      | Reached XP level 6. HP: 19/45 MP: 4/9
  1804 | D:3      | Found a runed translucent gate.
  1804 | D:3      | Found a runed translucent gate.
  1804 | D:3      | Found a runed translucent gate.
  1804 | D:3      | Noticed jujuben's ghost (amateur TeAE)
  1942 | D:3      | Found a glowing drain.
  1976 | Sewer    | Entered a sewer
  2124 | Sewer    | Learned a level 3 spell: Dazzling Flash
  2979 | Sewer    | Identified a scroll of acquirement
  2979 | Sewer    | Acquired a staff of conjuration
  3979 | D:3      | Found a runed translucent door.
  3980 | D:3      | Noticed Crazy Yiuf
  3986 | D:3      | Killed Crazy Yiuf
  4122 | D:3      | Found Cudoh's Jewellery Boutique.
  4138 | D:3      | Reached skill level 1 in Evocations
  4395 | D:3      | Killed jujuben's ghost
  4396 | D:3      | Reached skill level 1 in Hexes
  4396 | D:3      | Your scales start taking on a rich purple colour.
  4396 | D:3      | Reached XP level 7. HP: 39/50 MP: 1/11
  4401 | D:3      | Learned a level 4 spell: Fulminant Prism
  4905 | D:4      | Found a blossoming altar of Fedhas.
  4982 | D:4      | Found a hide-covered altar of Uskayaw.
  5131 | D:4      | Found a snail-covered altar of Cheibriados.
  5442 | D:5      | Entered Level 5 of the Dungeon
  5466 | D:5      | Found an iron altar of Okawaru.
  5498 | D:5      | Reached skill level 1 in Fighting
  5498 | D:5      | Reached XP level 8. HP: 59/59 MP: 6/14
  5862 | D:5      | Noticed Blork the orc
  5868 | D:5      | Killed Blork the orc
  6019 | D:5      | Found a hazy altar of Hepliaklqana.
  6033 | D:5      | Found a faded altar of an unknown god.
  6097 | D:5      | Became a worshipper of Hepliaklqana the Forgotten
  6697 | D:6      | Reached skill level 5 in Hexes
  7078 | D:5      | Reached XP level 9. HP: 60/71 MP: 1/15
  7350 | D:6      | Found a shadowy altar of Dithmenos.
  7751 | D:6      | Found a basalt altar of Yredelemnul.
  8372 | D:7      | Reached skill level 5 in Spellcasting
  8372 | D:7      | Reached skill level 5 in Evocations
  8991 | D:7      | Reached * piety under Hepliaklqana
  9054 | D:7      | Found a staircase to the Ecumenical Temple.
  9346 | D:8      | Reached skill level 5 in Fighting
  9586 | D:8      | Reached skill level 1 in Invocations
  9592 | D:8      | Learned a level 5 spell: Summon Mana Viper
  9643 | D:8      | Reached skill level 2 in Invocations
  9651 | D:8      | Reached skill level 3 in Invocations
  9846 | D:8      | Found a runed translucent gate.
  9846 | D:8      | Found a runed translucent gate.
  9847 | D:8      | Found a runed translucent gate.
  9847 | D:8      | Noticed BIRDMANJR's ghost (novice TeGl)
  9848 | D:8      | Noticed garrulousMonolith's ghost (novice MiHu)
  9848 | D:8      | Noticed SweetJohnnyV's ghost (novice MiBe)
 10279 | D:9      | Reached skill level 4 in Invocations
 10279 | D:9      | Reached XP level 10. HP: 74/74 MP: 3/19
 10310 | D:9      | Reached skill level 5 in Invocations
 10531 | D:9      | Reached skill level 6 in Invocations
 10986 | D:9      | Found a staircase to the Orcish Mines.
 10986 | D:9      | Reached ** piety under Hepliaklqana
 11037 | D:9      | Reached skill level 10 in Hexes
 11053 | D:9      | Reached skill level 1 in Summonings
 11818 | D:10     | Entered Level 10 of the Dungeon
 11884 | D:10     | Noticed a gargoyle
 11889 | D:10     | Killed a gargoyle
 11890 | D:10     | Reached skill level 5 in Summonings
 12378 | D:10     | Reached XP level 11. HP: 49/80 MP: 7/20
 12710 | D:10     | Found a radiant altar of Vehumet.
 12726 | D:10     | Remembered your ancestor Ahhotep as a knight
 12766 | D:10     | Reached skill level 5 in Dodging
 13207 | D:10     | Found a staircase to the Lair.
 13312 | D:10     | Found a white marble altar of Elyvilon.
 13341 | D:10     | Noticed Erica
 13349 | D:10     | Killed Erica
 13850 | D:11     | Learned a level 4 spell: Summon Ice Beast
 13915 | D:11     | Reached skill level 1 in Ice Magic
 14246 | D:11     | Noticed Grum
 14256 | D:11     | Killed Grum
 14391 | D:11     | Reached *** piety under Hepliaklqana
 15079 | D:11     | Noticed a boulder beetle
 15093 | D:11     | Killed a boulder beetle
 15094 | D:11     | Reached skill level 5 in Ice Magic
 15216 | D:11     | Learned a level 3 spell: Ozocubu's Armour
 15219 | D:11     | Learned a level 2 spell: Blink
 15344 | Lair:1   | Entered Level 1 of the Lair of Beasts
 15663 | Lair:1   | Reached skill level 5 in Shields
 15723 | Lair:1   | Found an ornate altar of the Wu Jian Council.
 15727 | Lair:1   | Found a hide-covered altar of Uskayaw.
 15727 | Lair:1   | Noticed a boulder beetle
 15747 | Lair:1   | Killed a boulder beetle
 15754 | Lair:1   | Reached XP level 12. HP: 59/87 MP: 1/24
 17840 | Lair:2   | Reached skill level 10 in Spellcasting
 18773 | Lair:2   | Reached skill level 10 in Fighting
 18974 | Lair:2   | Reached **** piety under Hepliaklqana
 18994 | Lair:2   | Identified the ring of Vaesuarph {rElec AC+4}
 19653 | Lair:3   | Found a staircase to the Snake Pit.
 19659 | Lair:3   | Noticed Snorg
 19667 | Lair:3   | Killed Snorg
 19678 | Lair:3   | Reached XP level 13. HP: 100/101 MP: 4/27
 20283 | Lair:3   | Identified the +3 giant spiked club "Jiwep" {vorpal, rF+
                  | rC+}
 20466 | Lair:3   | Identified the +2 leather armour "Cyutekob" {Rampage rF-
                  | Will++ Dex+2}
 21341 | Lair:3   | Found a staircase to the Shoals.
 21492 | Lair:4   | Noticed Rupert
 21766 | Lair:4   | Noticed Kirke
 22041 | Lair:3   | Killed Kirke
 23001 | Lair:4   | Noticed Nessos
 23002 | Lair:4   | Noticed Nessos
 23002 | Lair:4   | Nessos changed into Nessos the guardian serpent
 23008 | Lair:4   | Killed Nessos the guardian serpent
 23031 | Lair:4   | Killed Rupert
 23415 | Lair:4   | Reached skill level 7 in Invocations
 23817 | Lair:4   | Found a staircase to the Slime Pits.
 24735 | Lair:5   | Entered Level 5 of the Lair of Beasts
 24810 | Lair:5   | Reached XP level 14. HP: 75/108 MP: 1/28
 24813 | Lair:5   | Reached skill level 8 in Invocations
 24880 | Lair:5   | Reached skill level 10 in Summonings
 24895 | Lair:4   | Reached skill level 9 in Invocations
 24982 | Lair:5   | Reached skill level 10 in Invocations
 25086 | Lair:5   | Reached skill level 11 in Invocations
 25169 | Lair:5   | Reached skill level 12 in Invocations
 25547 | Lair:5   | Reached ***** piety under Hepliaklqana
 25612 | Lair:5   | Reached skill level 13 in Invocations
 25677 | Lair:5   | Reached skill level 14 in Invocations
 25686 | Lair:5   | Found a large runed translucent door.
 25687 | Lair:5   | Found a large runed translucent door.
 27236 | Orc:1    | Entered Level 1 of the Orcish Mines
 27340 | Orc:1    | Noticed Harold
 27504 | Orc:1    | Killed Harold
 27526 | Orc:1    | Found Pisuar's Weapon Shop.
 27898 | Orc:2    | Entered Level 2 of the Orcish Mines
 27904 | Orc:2    | Noticed Donald
 27911 | Orc:2    | Killed Donald
 28031 | Orc:2    | Found a staircase to the Elven Halls.
 28496 | Orc:2    | Found Liwnuil's Weapon Boutique.
 29807 | Orc:2    | Reached XP level 15. HP: 62/113 MP: 3/29
 30073 | Orc:2    | Learned a level 5 spell: Freezing Cloud
 30090 | Orc:2    | Reached skill level 15 in Invocations
 30306 | Orc:2    | Found Hunoadghu's Book Boutique.
 30306 | Orc:2    | Found Caper's Antique Weapon Boutique.
 30307 | Orc:2    | Found Xoischen's Armour Boutique.
 30307 | Orc:2    | Found Hugeyceade's General Store.
 30437 | Elf:1    | Entered Level 1 of the Elven Halls
 31360 | D:12     | Identified the +10 morningstar of Fabulous Guile {freeze,
                  | Will++ Int+3 Dex-5}
 32742 | D:13     | Noticed a storm dragon
 33455 | D:13     | Reached skill level 16 in Invocations
 33540 | D:13     | Noticed a storm dragon
 33844 | D:13     | Killed a storm dragon
 34217 | D:13     | Reached skill level 10 in Conjurations
 34222 | D:13     | Reached skill level 10 in Ice Magic
 34535 | D:13     | Noticed a frost giant
 34543 | D:13     | Killed a frost giant
 34650 | D:13     | Identified the +6 quarterstaff "Famokut" {freeze, Int+2}
 34773 | D:13     | Reached skill level 17 in Invocations
 34862 | D:13     | Killed a storm dragon
 35870 | D:14     | Reached XP level 16. HP: 76/122 MP: 3/30
 35906 | D:14     | Found Pegeageh's Assorted Antiques.
 35970 | D:14     | Found a frozen archway.
 36072 | IceCv    | Entered an ice cave
 36590 | IceCv    | Reached skill level 10 in Shields
 36677 | IceCv    | Slain by a spriggan defender simulacrum

Illustrated notes

Levels and vault maps discovered:
D:1:      roderic_octagonal_star, layout_basic
D:2:      layout_loops_ring
D:3:      layout_loops_corners, evilmike_ruin_ashenzari, serial_shops, shop,
          ebering_ghost_rock_garden, portal_sewer_entry_a,
          uniq_crazy_yiuf_cottage, uniq_grinder, uniq_jessica
D:4:      nicolae_cairo_tiling_very_big, layout_rooms,
          eat_drink_and_be_merry_uskayaw, fedhas_ov_isle_minmay,
          cheibrodos_worm_habitat
D:5:      layout_basic, old_standard_altar, beargit_hepliaklqana_dungeon_heroes,
          uniq_blork_the_orc
D:6:      layout_cave_pools, yredelemnul_altar_generic,
          mainiacjoe_overflow_alcove_4
D:7:      layout_loops_ring, minmay_temple_entry_statues_pillars
D:8:      layout_gridville, gammafunk_ghost_cemetery,
          chequers_serial_rivers_large_b
D:9:      layout_roguey [special_room_orc], zombieorc1_lemuel
D:10:     kennysheep_ambush_hall, layout_irregular_city,
          mainiacjoe_overflow_catch_the_wave, due_lair_maze_entry_diamond,
          uniq_erica
D:11:     layout_basic, serial_glass, glass_columns_c, glass_columns_b,
          uniq_grum
D:12:     kennysheep_bubbly, layout_irregular_city
D:13:     minmay_complete_graph, layout_basic
D:14:     layout_irregular_city, david_vaults_5,
          portal_ice_cave_entry_ice_statue_one, gammafunk_ghost_stat_death,
          reono_crystal_passage, serial_shops, shop, serial_glass,
          glass_columns_a, glass_columns_a, glass_columns_b, glass_columns_a,
          glass_columns_b, glass_columns_a, glass_columns_b, glass_columns_b,
          glass_columns_b, glass_columns_b
Lair:1:   layout_roguey, chequers_serial_rivers_micro_b,
          nzn_masters_of_martial_movement, infiniplex_staircase_pool,
          grunt_megastairs_4, lemuel_fruit_tree
Lair:2:   regret_index_bee_streams, layout_hall_layers, serial_bayou_shore_a,
          lemuel_fruit_fields
Lair:3:   layout_loops_ring, elwin_shoals_entry_stream,
          guppyfry_snake_entry_island, uniq_snorg
Lair:4:   layout_hall_layers, dpeg_slime_entry_corner, grunt_megastairs_1,
          uniq_rupert, uniq_kirke, uniq_nessos
Lair:5:   cheibrodos_lair_end_hotspot, layout_gridlike, gauntlet_entry_generic
Orc:1:    layout_caves, serial_shops, nicolae_shop_bloodbath_and_beyond,
          uniq_harold
Orc:2:    st_orc_pillars, layout_diamond_mine, serial_shops, shop, uniq_donald
Elf:1:    eino_elf_arrival_customs, layout_onion_city, hangedman_elf_represent,
          feat_on_display
IceCv:    ice_cave_caverns_03

Skill      XL: |  1  2  3  4  5  6  7  8  9 10 11 12 13 14 15 16 |
---------------+-------------------------------------------------+-----
Dodging        | 2 3 5 6 8 |  8.0
Conjurations   | 5 7 8 9 10 | 10.0
Evocations     | 1 4 6 |  6.0
Hexes          | 1 3 7 8 10 | 10.0
Spellcasting   | 3 4 6 8 10 11 | 11.1
Fighting       | 1 4 6 10 11 | 11.1
Stealth        | 2 |  2.0
Invocations    | 4 6 7 14 17 | 17.0
Summonings     | 5 6 9 10 | 10.0
Ice Magic      | 5 7 10 | 10.0
Shields        | 5 6 9 10 | 10.0

Action                   |  1- 3 |  4- 6 |  7- 9 | 10-12 | 13-15 | 16-18 || total
-------------------------+-------+-------+-------+-------+-------+-------++-------
Melee: Short sword       |    29 |    21 |       |       |       |       ||    50
       Tailslap          |     5 |     5 |     2 |    16 |    45 |       ||    73
       Staff             |       |       |    41 |    84 |   237 |     5 ||   367
       Demon whip        |       |       |     1 |    29 |     1 |       ||    31
       Punch             |       |       |       |     1 |       |       ||     1
 Cast: Magic Dart        |    61 |    77 |    44 |    17 |       |       ||   199
       Searing Ray       |     2 |    17 |    24 |    47 |    50 |     5 ||   145
       Fulminant Prism   |       |       |    61 |   101 |   163 |    19 ||   344
       Dazzling Flash    |       |       |     6 |    12 |    19 |       ||    37
       Summon Mana Viper |       |       |       |    33 |    69 |     7 ||   109
       Summon Ice Beast  |       |       |       |    26 |    70 |     4 ||   100
       Ozocubu's Armour  |       |       |       |     1 |     9 |       ||    10
       Blink             |       |       |       |       |     1 |       ||     1
       Freezing Cloud    |       |       |       |       |    33 |       ||    33
Invok: Ancestor Life: Kn |       |       |       |     1 |       |       ||     1
       Recall Ancestor   |       |       |       |       |     4 |       ||     4
       Idealise          |       |       |       |       |     3 |       ||     3
 Abil: Breathe Dispellin |       |       |     4 |    11 |    42 |     4 ||    61
Evoke: Wand              |       |     2 |       |     5 |    32 |     1 ||    40
       Phantom mirror    |       |       |       |     1 |     4 |       ||     5
  Use: Potion            |       |     2 |       |     2 |     2 |     2 ||     8
       Scroll            |       |    12 |     1 |     5 |    13 |     1 ||    32
 Stab: Invisible         |       |       |     2 |       |     1 |       ||     3
       Distracted        |       |       |       |       |     2 |       ||     2
Armor: Skin              |    12 |    19 |    40 |    92 |   183 |     7 ||   353
Dodge: Dodged            |    17 |    38 |    59 |   157 |   330 |    21 ||   622
Block: Buckler           |       |       |       |    15 |    86 |       ||   101
       Kite shield       |       |       |       |       |    54 |    17 ||    71

Table legend: (Time is in decaauts)
 A = Elapsed time spent in this place.
 B = Non-inter-level travel time spent in this place.
 C = Inter-level travel time spent in this place.
 D = Time resting spent in this place.
 E = Time spent auto-exploring this place.
 F = Levels seen in this place.
 G = Mean time per level.
                   A        B        C        D        E       F      G
               +--------+--------+--------+--------+--------+-----+--------+
         Total |  37039 |  35586 |   1453 |   8475 |  21399 |  24 | 1543.3 |
       Dungeon |  19956 |  18995 |    961 |   3294 |  12806 |  14 | 1425.4 |
          Lair |  11887 |  11542 |    345 |   4089 |   5600 |   5 | 2377.4 |
  Orcish Mines |   3196 |   3050 |    146 |    880 |   1575 |   2 | 1598.0 |
   Elven Halls |    181 |    181 |      0 |      0 |     91 |   1 |  181.0 |
         Sewer |   1212 |   1212 |      0 |    123 |    917 |   1 | 1212.0 |
      Ice Cave |    605 |    605 |      0 |     89 |    409 |   1 |  605.0 |
               +--------+--------+--------+--------+--------+-----+--------+

Top non-repeatable levels by time:
    D:12: 3261 daAuts
  Lair:3: 2750 daAuts
     D:9: 2616 daAuts
  Lair:2: 2507 daAuts
  Lair:4: 2467 daAuts
  Lair:1: 2158 daAuts
  Lair:5: 2004 daAuts
   Orc:2: 1964 daAuts
    D:13: 1764 daAuts
    D:11: 1523 daAuts
     D:5: 1353 daAuts
     D:3: 1350 daAuts
    D:10: 1248 daAuts
   Orc:1: 1231 daAuts
   Sewer: 1212 daAuts
